 Dungeon Crawl Stone Soup version 0.21.0-3-g78d12a8 (webtiles) character file.

16 dohliylev the Sneak (level 2, 0/19 HPs)
             Began as a Vampire Enchanter on Jan 8, 2018.
             Shot with a stone by a goblin (6 damage)
             ... on level 2 of the Dungeon.
             The game lasted 00:02:50 (674 turns).

dohliylev the Sneak (Vampire Enchanter)              Turns: 674, Time: 00:02:51

Health: 0/19       AC:  2    Str:  7    XL:     2   Next: 37%
Magic:  1/5        EV: 12    Int: 17    God:
Gold:   0          SH:  0    Dex: 14    Spells: 2/5 levels left

rFire    . . .     SeeInvis +   a - +1 dagger
rCold    . . .     Gourm    .   (no shield)
rNeg     + . .     Faith    .   b - +0 robe
rPois    .         Spirit   .   (no helmet)
rElec    .         Reflect  .   (no cloak)
rCorr    .         Harm     .   (no gloves)
MR       .....                  (no boots)
Stlth    +++.......             (no amulet)
HPRegen  0.26/turn              k - ring of positive energy
MPRegen  0.09/turn              (no ring)

@: regenerating quickly
A: fangs 3, see invisible, unbreathing
a: no special abilities


You were on level 2 of the Dungeon.
You were very full.

You visited 1 branch of the dungeon, and saw 2 of its levels.

Inventory:

Hand Weapons
 a - a +1 dagger (weapon)
Armour
 b - a +0 robe (worn)
Jewellery
 k - a ring of positive energy (left hand)
Scrolls
 e - 2 scrolls of identify {unknown}
 g - a scroll of teleportation {unknown}
 h - 2 scrolls of remove curse {unknown}
Potions
 f - 2 potions of haste {unknown}
 i - a potion of lignification {unknown}
 j - a potion of brilliance {unknown}
Books
 c - a book of Maledictions

   Spells                             Type                      Level
   a - Corona                         Hexes                        1
   b - Ensorcelled Hibernation        Hexes/Ice                    2
   c - Confuse                        Hexes                        3
   d - Tukima's Dance                 Hexes                        3
   e - Dazzling Spray                 Conjuration/Hexes            3


   Skills:
 - Level 1.1 Short Blades
 - Level 2.1 Dodging
 + Level 5.8 Stealth
 - Level 2.0 Spellcasting
 - Level 4.4 Hexes


You had 2 spell levels left.
You knew the following spells:

 Your Spells              Type           Power        Failure   Level  Hunger
a - Corona                Hex            ###....      3%          1    #......
b - Ensorcelled Hibernat  Hex/Ice        #.....       12%         2    ###....


Dungeon Overview and Level Annotations

Branches:
Dungeon (2/15)

Altars:


Innate Abilities, Weirdness & Mutations

Your natural rate of healing is unusually fast.
You have razor-sharp teeth.
You have supernaturally acute eyesight. (SInv)
You can survive without breathing.


Message History

The giant cockroach looks drowsy...
The helpless giant cockroach fails to defend itself.
You impale the giant cockroach!!
You kill the giant cockroach!
The goblin unwields an uncursed hunting sling.
The goblin wields an uncursed vampiric dagger.
The goblin hits you but does no damage.
The goblin unwields an uncursed vampiric dagger.
The goblin wields an uncursed hunting sling.
The goblin shoots a stone.
The stone hits you.
The goblin shoots a stone.
The stone misses you.
The goblin shoots a stone.
The stone hits you.
You see here a stone.
The goblin shoots a stone.
The stone closely misses you.
The goblin shoots a stone.
The stone hits you.
* * * LOW HITPOINT WARNING * * *
You see here a stone.
Yummy - fresh blood!
Yummy - fresh blood!
The goblin shoots a stone.
The stone hits you.
You die...

#.....### #.##......
#..#...<# #.##.#.###
#.....#.# #.#.....##
##...##g###........#
##..#...##.......##
#................#
#(......g........#
#(#.(...†........#
#@##(..##.......##
#.###.####......##
#.##### ##...%..#
#.##.## ##.......
#.#...####..).....
##........+........
#......####........
#...#.## ##.......
#...### ##.....#


You could see a goblin.

Vanquished Creatures
  A dart slug (D:1)
  A bat (D:1)
  A giant cockroach (D:2)
  3 goblins
  A hobgoblin (D:2)
  A quokka (D:2)
  A ball python (D:1)
  A frilled lizard (D:1)
  2 kobolds (D:1)
  A rat (D:1)
13 creatures vanquished.

Notes
Turn   | Place    | Note
-------+----------+-------------------------------------------
     0 | D:1      | dohliylev the Vampire Enchanter began the quest for the Orb.
     0 | D:1      | Reached XP level 1. HP: 13/13 MP: 3/3
   113 | D:1      | Reached skill level 5 in Stealth
   193 | D:1      | Reached XP level 2. HP: 6/19 MP: 3/5
   199 | D:1      | Learned a level 2 spell: Ensorcelled Hibernation
   674 | D:2      | Shot with a stone by a goblin

Skill      XL: |  1 |
---------------+----+-----
Stealth        | 5 |  5.8
Short Blades   | |  1.1
Dodging        | |  2.1
Spellcasting   | |  2.0
Hexes          | |  4.4

Action                   || total
-------------------------++-------
Melee: Dagger            ||    28
       Bite              ||     2
 Cast: Corona            ||     3
       Ensorcelled Hiber ||     9
  Use: Potion            ||     2
 Stab: Sleeping          ||     7
  Eat: Corpse            ||     5
Armor: Robe              ||    10
Dodge: Dodged            ||    22
